Cogmind - Beta 13 *** ADVENTURER MODE // 2024.06.10 @ 09:36:00 Player: Deep Beef Result: Destroyed by WJ-L8V(R) with Subdweller Laser Performance ------------- Evolutions (0) 0 Regions Visited (2) 400 Robots Destroyed (26) 130 Value Destroyed (698) 698 Prototype IDs (5) 100 Alien Tech Used (0) 0 Bonus (0) 0 TOTAL SCORE: 1328 Bonus ------- None Cogmind --------- Core Integrity 0/250 Matter 213/300 Energy 62/100 System Corruption 0% Temperature Cool (6) Movement Core (550) Ox10 Location -10/Subcaves Parts ------- > --- POWER (1) -------- (None) > --- PROPULSION (2) --- (None) > --- UTILITY (2) ------ Large Storage Unit Targeting Computer > --- WEAPON (2) ------- Subdweller Laser Subdweller Beam Cannon > --- INVENTORY (15) --- Huge Storage Unit Humpback Terrain Scanner Medium Laser Light Assault Rifle Dirty Datajack (20) Flamer Peak State ------------ > --- POWER ------------ Subdweller Power Source > --- PROPULSION ------- Spiked Treads > --- UTILITY ---------- Large Storage Unit Targeting Computer > --- WEAPON ----------- Subdweller Beam Cannon Battle Rifle > --- INVENTORY -------- Huge Storage Unit Humpback Terrain Scanner Medium Laser Light Assault Rifle Dirty Datajack Flamer [Rating: 11] Favorites ----------- Power Ion Engine Engine Ion Engine Propulsion Aluminum Leg Treads Spiked Treads Leg Aluminum Leg Utility Large Storage Unit Device Terrain Scanner Storage Large Storage Unit Processor Targeting Computer Weapon Medium Laser Energy Gun Medium Laser Energy Cannon Subdweller Beam Cannon Ballistic Gun Light Assault Rifle Ballistic Cannon Light Cannon Special Weapon Flamer Build | -11 -10 -10 ------- Run | Yrd Mat Sub Slots Evolved . | . . . Power . | . . . Propulsion . | . . . Utility . | . . . Weapon . | . . . Parts Attached 27 | 7 4 16 Power 5 | 2 . 3 Engine 5 | 2 . 3 Core . | . . . Reactor . | . . . Propulsion 5 | 2 1 2 Treads 1 | . . 1 Leg 4 | 2 1 1 Wheel . | . . . Hover . | . . . Flight . | . . . Utility 4 | 1 2 1 Device 1 | . 1 . Storage 2 | 1 1 . Processor 1 | . . 1 Hackware . | . . . Protection . | . . . Artifact . | . . . Weapon 13 | 2 1 10 Energy Gun 4 | 2 . 2 Energy Cannon 3 | . . 3 Ballistic Gun 4 | . 1 3 Ballistic Cannon 1 | . . 1 Launcher . | . . . Special Weapon 1 | . . 1 Impact Weapon . | . . . Slashing Weapon . | . . . Piercing Weapon . | . . . Special Melee Weapon . | . . . Unidentified Prototypes . | . . . Parts Lost 10 | . 1 9 Power 2 | . . 2 Propulsion 4 | . . 4 Utility . | . . . Weapon 4 | . 1 3 Highest Loss Streak 3 | . 1 3 To Critical Strikes . | . . . Average Slot Usage (%) 92 | . 96 90 Engine 13 | . 14 13 Leg 21 | . 28 18 Device 4 | . 13 . Storage 14 | . 14 14 Processor 9 | . . 13 Energy Gun 9 | . 20 4 Energy Cannon 5 | . . 8 Ballistic Gun 5 | . 4 6 Ballistic Cannon 5 | . . 8 Naked Turns . | . . . Heaviest Build 35 | 14 30 35 Greatest Support 20 | 20 20 20 Greatest Overweight (x) 10 | 4 1 10 Average Overweight (x) 1 | . . 1 Largest Inventory Capacity 15 | 8 15 15 Average Capacity 14 | 7 14 15 Most Carried 10 | 1 5 10 Average Carried 5 | . 2 7 Final Capacity 15 | 8 15 15 Final Carried 8 | 1 5 8 Class Distribution -------------------- 100% | Mutant Dominant Class ---------------- Mutant | -10/Materials Mutant | -10/Subcaves Resources | -11 -10 -10 ----------- Run | Yrd Mat Sub Matter Collected 636 | 212 105 319 Remotely . | . . . Salvage Created 736 | . 348 388 Parts 50 | . 26 24 Haulers Intercepted . | . . . Recyclers Shooed . | . . . Parts Field Recycled . | . . . Retrieved Matter . | . . . Parts Self-Destructed 4 | . . 4 Prevented . | . . . Kills | -11 -10 -10 ------- Run | Yrd Mat Sub Combat Hostiles Destroyed 24 | . 13 11 Guns 13 | . 10 3 Cannons 8 | . . 8 AOE 2 | . 2 . Classes Destroyed 4 | . 3 1 Watcher 2 | . 2 . Swarmer 9 | . 9 . Grunt 4 | . 4 . Subdweller 11 | . . 11 Best Kill Streak 6 | . 6 2 Combat Bots Only 6 | . 6 2 Max Kills in Single Turn 2 | . 2 1 Gunslinging 1 | . 1 . Exploded 1 | . 1 . Melee . | . . . Uniques/NPCs Destroyed . | . . . Combat | -11 -10 -10 -------- Run | Yrd Mat Sub Hostile Shots Fired 111 | . 46 65 Missed 29 | . 8 21 Damage Taken 1392 | . 319 1073 Core 251 | . 51 200 Absorbed by Shields . | . . . Ignored by Resistances 396 | . 104 292 Core Remaining (%) 100 | 100 . . Volleys Fired 124 | . 40 84 Largest 2 | . 2 2 Hottest 140 | . 90 140 Shots Fired 231 | . 70 161 Gun 130 | . 70 60 Cannon 99 | . . 99 Launcher . | . . . Special 2 | . . 2 Kinetic 111 | . 11 100 Thermal 101 | . 40 61 Explosive . | . . . Electromagnetic 19 | . 19 . Robot Hit Streak 24 | . 16 24 Robot Miss Streak 3 | . 3 1 Penetration Max . | . . . Secondary Targets 2 | . 2 . Max Gunslinging Chain 1 | . 1 . Shots Hit Robots 123 | . 49 74 Core Hits 41 | . 19 22 Critical Kills . | . . . Critical Parts Destroyed . | . . . Critical Strikes 6 | . 3 3 Burn 5 | . 3 2 Blast 1 | . . 1 Melee Attacks . | . . . Impact . | . . . Slashing . | . . . Piercing . | . . . Sneak Attacks . | . . . Combat Hostiles . | . . . Follow-up Attacks . | . . . Damage Inflicted 1903 | 4 699 1200 Guns 971 | . 585 386 Cannons 814 | . . 814 Explosions 111 | . 111 . Melee . | . . . Ramming 7 | 4 3 . Kinetic 596 | . 63 533 Thermal 1108 | . 441 667 Explosive . | . . . Electromagnetic 192 | . 192 . Impact . | . . . Slashing . | . . . Piercing . | . . . Highest Corruption . | . . . Average Corruption . | . . . Corruption Purged . | . . . Corruption Blocked . | . . . Overload Shots . | . . . Overflow Damage 5 | . 5 . Projectiles . | . . . Explosions 5 | . 5 . Melee . | . . . Knockbacks . | . . . Impact . | . . . Kinetic . | . . . Secondary . | . . . Self-Inflicted Damage 58 | . 58 . Shots 2 | . 2 . Rammed . | . . . Targets Rammed 4 | 1 3 . Kicked 4 | 1 3 . Crushed . | . . . Highest Temperature 300 | . 300 24 Average Temperature 82 | . 104 10 Received Heat Transfer 324 | . 96 228 Siege Activations . | . . . Robots Corrupted . | . . . Combat Hostiles . | . . . Parts Fried . | . . . Impact Corruptions . | . . . Robots Melted 1 | . 1 . Combat Hostiles 1 | . 1 . Parts Melted 4 | . 1 3 Heat Transferred 2406 | . 1197 1209 Parts Sabotaged . | . . . Parts Stolen . | . . . Parts Stripped . | . . . Power Chain Reactions 2 | . 2 . Alert | -11 -10 -10 ------- Run | Yrd Mat Sub Peak Influence 230 | . 230 . Initial . | . . . Average 38 | . 39 . Maximum Alert Level 1 | . 1 . Low Security (%) 96 | 100 96 . Level 1 3 | . 3 . Level 2 . | . . . Level 3 . | . . . Level 4 . | . . . Level 5 . | . . . High Security . | . . . Max Security . | . . . Squads Dispatched 3 | . 3 . Investigation 3 | . 3 . Extermination . | . . . Reinforcement . | . . . Assault . | . . . Garrison . | . . . Intercept . | . . . Searches Triggered . | . . . Construction Impeded . | . . . Haulers Reinforced . | . . . Active Scanning Responses . | . . . Cargo Convoy Interrupts . | . . . Stealth | -11 -10 -10 --------- Run | Yrd Mat Sub Distress Signals 1 | . 1 . Communications Jammed . | . . . Distress Signals . | . . . Times Spotted 32 | . 19 13 Peak Tracking Total 6 | . 6 3 Tactical Retreats . | . . . Traps | -11 -10 -10 ------- Run | Yrd Mat Sub Traps Triggered 3 | . 3 . Indirectly . | . . . Trap Hack Attempts . | . . . Triggered . | . . . Disarmed . | . . . Reprogrammed . | . . . Reused . | . . . Traps Extracted . | . . . Installed . | . . . Triggered . | . . . Machines | -11 -10 -10 ---------- Run | Yrd Mat Sub Machines Disabled . | . . . Max in Single Turn . | . . . Machines Repaired . | . . . Machines Dismantled . | . . . Machines Sabotaged . | . . . Overloaded Fab Kills . | . . . Hacking | -11 -10 -10 --------- Run | Yrd Mat Sub Machines Accessed 9 | . 8 1 Terminals 8 | . 8 . Fabricators . | . . . Repair Stations . | . . . Recycling Units . | . . . Scanalyzers . | . . . Garrison Access . | . . . Total Hacks 37 | . 33 4 Successful 31 | . 27 4 Failed 6 | . 6 . Catastrophic . | . . . Database Lockouts . | . . . Manual 19 | . 19 . Terminals 33 | . 33 . Fabricators . | . . . Repair Stations . | . . . Recycling Units . | . . . Scanalyzers . | . . . Garrison Access . | . . . Terminal Hacks 23 | . 19 4 Record 6 | . 2 4 Part Schematic 1 | . 1 . Robot Analysis 2 | . 2 . Prototype ID Bank 3 | . 3 . Branch Access Points 1 | . 1 . Emergency Access Points 1 | . 1 . Alert Level 1 | . 1 . Locate Traps 1 | . 1 . Dispatch Records 1 | . 1 . Surveillance Status 1 | . 1 . Recall Investigation 1 | . 1 . Hauler Manifests 1 | . 1 . Registered Components 1 | . 1 . Zone Layout 2 | . 2 . Fabricator Hacks . | . . . Repair Station Hacks . | . . . Recycling Unit Hacks . | . . . Scanalyzer . | . . . Garrison Access Hacks . | . . . Unauthorized Hacks 8 | . 8 . Terminals 8 | . 8 . Botnet 8 | . 8 . Fabricators . | . . . Repair Stations . | . . . Recycling Units . | . . . Scanalyzers . | . . . Garrison Access . | . . . Data Cores Recovered . | . . . Used . | . . . Hacking Detections 7 | . 7 . Full Trace Events . | . . . Feedback Events . | . . . Feedback Blocked . | . . . Robot Schematics Acquired . | . . . Robots Built . | . . . Authchips . | . . . Time . | . . . Total Robot Build Rating . | . . . Part Schematics Acquired 1 | . 1 . Parts Built . | . . . Authchips . | . . . Time . | . . . Total Part Build Rating . | . . . Parts Repaired . | . . . Time . | . . . Parts Recycled . | . . . Recycled Matter . | . . . Retrieved Matter . | . . . Retrieved Components . | . . . Parts Scanalyzed . | . . . Part Schematics Acquired . | . . . Parts Damaged . | . . . Bothacking | -11 -10 -10 ------------ Run | Yrd Mat Sub Used RIF Installer . | . . . Robots Hacked . | . . . Non-combat . | . . . Combat . | . . . Robot Hacks Applied . | . . . Relay Couplers Released . | . . . Fabnet Peak Effective % . | . . . Robots Rewired . | . . . Allies Hacked . | . . . Hacks Repelled . | . . . Allies | -11 -10 -10 -------- Run | Yrd Mat Sub Total Allies . | . . . Largest Group . | . . . Highest-Rated Group . | . . . Highest-Rated Ally . | . . . Total Orders . | . . . Ally Attacks . | . . . Total Damage . | . . . Kills . | . . . Allies Corrupted . | . . . Allies Melted . | . . . Intel | -11 -10 -10 ------- Run | Yrd Mat Sub Robot Analysis Total 2 | . 2 . Derelict Logs Recovered 1 | . . 1 Drone Launches . | . . . Drone Recoveries . | . . . Exploration | -11 -10 -10 ------------- Run | Yrd Mat Sub Turns Passed 4555 | 65 1557 2933 Spaces Moved 1816 | 40 728 1048 Core 30 | 17 . 13 Treads 73 | . . 73 Legs 1713 | 23 728 962 Wheels . | . . . Hover . | . . . Flight . | . . . Fastest Speed 50 | 50 120 190 Average Speed 220 | 135 188 245 Slowest Speed 550 | 250 190 550 Overloaded Moves . | . . . Propulsion Burnouts . | . . . Robots Hopped . | . . . Cave-ins Triggered . | . . . Exploration Rate (%) 51 | 4 98 52 Regions Visited 2 Branch Regions 1 Pre-discovered Areas 1 | . . 1 Known Exits Taken . | . . . Unknown Exits Taken 2 | 1 1 . Scrap Searched 3 | . . 3 Spaces Dug . | . . . Terrain Destroyed 5 | . 5 . Melee . | . . . Projectile . | . . . AOE 5 | . 5 . Terrain Rammed . | . . . Walls Destroyed . | . . . Machines Disabled . | . . . Actions | -11 -10 -10 --------- Run | Yrd Mat Sub Total 2138 | 47 840 1251 Wait 151 | . 61 90 Move 1814 | 39 727 1048 Hop . | . . . Pick Up 14 | . 4 10 Fast Attach 8 | 6 2 . Attach 8 | . 1 7 Detach . | . . . Swap 11 | 1 1 9 Drop 4 | . 1 3 Fire 124 | . 40 84 Melee . | . . . Ram . | . . . Kick 4 | 1 3 . Crush . | . . . Escape Stasis . | . . . Rewire . | . . . Trap . | . . . Miscellaneous . | . . . Route ------- -11/Scrapyard -10/Materials (discovered 5 exits: [*Mat x3] / *Min / *Sub) -10/Subcaves (discovered 3 exits: *Mat x2 / Rec) History --------- Turn | Location | Event 27 | -11/Scrapyard | Discovered new exit (range 15) 66 | -11/Scrapyard | Entered Materials 199 | -10/Materials | Discovered new exit (range 15) 279 | -10/Materials | Identified exit to Mines 301 | -10/Materials | Build established: Mutant 885 | -10/Materials | Discovered new exit (range 4) 1213 | -10/Materials | Discovered new exit (range 10) 1608 | -10/Materials | Discovered new exit (range 8) 1623 | -10/Materials | Entered Subcaves 1693 | -10/Subcaves | Discovered new exit (range 14) 1849 | -10/Subcaves | Visited Clippyterm 1855 | -10/Subcaves | Identified exit to Materials 1855 | -10/Subcaves | Identified exit to Recycling 1855 | -10/Subcaves | Learned Factory fabricator intel 2969 | -10/Subcaves | Core integrity fell below 50% 4022 | -10/Subcaves | Learned location of Zion (-7) 4022 | -10/Subcaves | Met a Zionite searching for "candidates" 4431 | -10/Subcaves | Shifting Twisted Machinery released Sub. Laser 4448 | -10/Subcaves | Shifting Twisted Machinery released Sub. Laser 4528 | -10/Subcaves | Core integrity fell below 20% 4530 | -10/Subcaves | A swath of the cavern ceiling suddenly collapsed 4556 | -10/Subcaves | Destroyed by WJ-L8V(R) with Subdweller Laser Last Messages --------------- AT-ARV(O) collects matter. Sub. Power Source melted. UQ-3E4(R) destroyed. AT-ARV(O) collects matter. AT-ARV(O) puts together Battle Cannon. Subatomizers dissect the Sub. Beam Cannon. Acquired Sub. Beam Cannon. Subatomizers dissect the Sub. Monowheel. AT-ARV(O) puts together Sub. Beam Cannon. Subatomizers dissect the Sub. Monowheel. Sub. Laser falls loose from the Twisted Machinery. Acquired Sub. Laser. Sub. Power Source destroyed. A swath of the cavern ceiling suddenly collapses. Battle Rifle destroyed. Spk. Treads destroyed. Destroyed Scrap Shield. XR-NRB(R) destroyed. Acquired 1 matter. Map ----- +----------------------------------------------------+ | ??????????????????????## "##?????????????????????? | | ??????????????????????## "####"##????????????????? | | ?????????????????????## """[" ????????????????? | | ????????????????????## """# ##"????????????????? | | ????????????????????# " "###????????????????????? | | ????????????????????##"" ##?????????????????????? | | ?????????????????????##" "#?????????????????????? | | ??????????????????????#"" ##?????????????????????? | | ????????????????????### " "#?????????????????????? | | ???????????????????## # ###????????????????????? | | ???????????????????# ""^ ^""#????????????????????? | | ???????????????????# ^"##"""????????????????? | | ???????????????????### R "" #??????????????? | | ????????????????????## ## "" #???????????????? | | ????????????????????# ##"# ""##???????????????? | | ????????????????????# #"## #"#???????????????? | | ???????????????????## """ """"??????????????? | | ???????????????????# ""#??????????????? | | ???????????????????# # ####???????????????? | | ???????????????????# ##??????????????????? | | ???????????????????## ###???????????????????? | | ???????????????????#### ;##??????????#?????????? | | ?????????????????### ;;#??? ## #?????????? | | ????????????????## ; ;## #?????????? | | ????????????????# ; #?????????? | | ????????????????# @ #?????????? | | ????????????????## & #?????????????? | | ????????????????#; # #?????????????? | | ????????????????# "### #????????????? | | ????????????????# ###??? #???????????? | | ????????????????# ;##????? #???????????? | | ????????????????# ;;"#???????#???????????? | | ???????????????# ;;;; ##;;;#???????????????????? | | ???????????????## # ;;##?;#;##??????????????????? | | ????????????????# ##??;;#"# ?????????????????? | | ????????????????## # ????###"" ?????????????????? | | ?????????????????#####????????##"????????????????? | | ?????????????????????????????????#???????????????? | | ?????????????????????????????????????????????????? | | ?????????????????????????????????????????????????? | | ?????????????????????????????????????????????????? | | ?????????????????????????????????????????????????? | | ?????????????????????????????????????????????????? | | ?????????????????????????????????????????????????? | | ?????????????????????????????????????????????????? | | ?????????????????????????????????????????????????? | | ?????????????????????????????????????????????????? | | ?????????????????????????????????????????????????? | | ?????????????????????????????????????????????????? | | ?????????????????????????????????????????????????? | +----------------------------------------------------+ Best States ------------- Heat Dissipation 25 Energy Generation 15 Energy Capacity 250 Matter Stores 300 Matter Capacity 300 Sight Range 16 Terrain Scan Range 14 Terrain Scan Density 10 Resistance: KI 20 Resistance: TH 20 Resistance: EX 20 Resistance: EM 20 Resistance: I 20 Resistance: S 20 Resistance: P 20 Evasion (%) 55 Targeting Accuracy 5 Recoil Reduction 1 Offensive Hacking 10 Item Schematics ----------------- Huge Storage Unit | -10/Materials | Hacked Robot Schematics ------------------ None Fabricated ------------ Nothing Alien Tech Used ----------------- None Achievements -------------- None Challenges ------------ None Game ------ Seed ShieldLinearSaw Manual? 0 Play Time 00:31:31 Cumulative 180.3 hours Start 2024.06.10 @ 00:48:24 End 2024.06.10 @ 09:36:00 Sessions 1 Manual Loads 0 Difficulty Adventurer Special Mode None Game No. 135 Rogue 72 Adventurer 63 Explorer 0 Win Type - Total 1 Types 1/0/0/0/0/0/0/0/0 Lore% 47 Gallery% 63 Achievement% 47 Wizard Run 0 Options --------- Layout 1 ASCII 0 Keyboard 0 Movement Mouse Keybinds 0 Fullscreen 1 Font 16/SmallcapsGlow Map View 55x38 Zoom Use 0% Tactical HUD 0 Map Filters NONE Filters NONE Steam 1 RUN: c128f5dd-33e3-4a2c-9a58-7ce39582f368